MLB
COLORADO ROCKIES @ SAN DIEGO PADRES
10/01/2044
 
TOP OF THE 1ST
Colorado Rockies batting - Pitching for San Diego Padres : LHP Matt Wheeler
Pitching: LHP Matt Wheeler
Batting: RHB Joel Haycock 0-0: Ball
1-0: Called Strike
1-1: Ball
2-1: Foul Ball, location: 2F
2-2: Ball
3-2: Base on Balls
Batting: RHB Roberto Rodriguez 0-0: Called Strike
0-1: Ball
1-1: Grounds into double play, 6-4-3 (Groundball, 6, EV 105.6 MPH)
Batting: SHB Chris Blue 0-0: Ball
1-0: Foul Ball, location: 2F
1-1: Reached on error, E8 (Flyball, 8LM, EV 83.1 MPH)
Batting: RHB Jason Andrews 0-0: Ground out 4-3 (Groundball, 6M, EV 86.9 MPH)
Top of the 1st over - 0 runs, 0 hits, 1 error, 1 left on base; Colorado 0 - San Diego 0
BOTTOM OF THE 1ST
San Diego Padres batting - Pitching for Colorado Rockies : LHP Cooper Bate
Pitching: LHP Cooper Bate
Batting: RHB Cesar Breceda 0-0: Called Strike
0-1: Ball
1-1: Ground out 6-3 (Groundball, 6, EV 90.0 MPH)
Batting: LHB Per Meulengracht 0-0: Ball
1-0: Called Strike
1-1: Ground out 4-3 (Groundball, 4M, EV 100.6 MPH)
Batting: LHB Kevin Bellman 0-0: Ball
1-0: Ball
2-0: Called Strike
2-1: DOUBLE (Popup, 5D, EV 50.6 MPH)
Batting: SHB Jerry Luckwell 0-0: Ball
1-0: Ball
2-0: Ball
3-0: Base on Balls
Batting: LHB Mike Holt 0-0: Fielders Choice at 2nd, 6-4 (Groundball, 6, EV 107.5 MPH)
Bottom of the 1st over - 0 runs, 1 hit, 0 errors, 2 left on base; Colorado 0 - San Diego 0
TOP OF THE 2ND
Colorado Rockies batting - Pitching for San Diego Padres : LHP Matt Wheeler
Batting: RHB Stephen Charbonneau 0-0: Ball
1-0: Swinging Strike
1-1: Ball
2-1: Swinging Strike
2-2: Ball
3-2: Strikes out swinging
Batting: RHB Sterling Acosta 0-0: Ball
1-0: Called Strike
1-1: Swinging Strike
1-2: Strikes out swinging
Batting: RHB Rico Coss 0-0: Called Strike
0-1: Ball
1-1: Called Strike
1-2: Foul Ball, location: 2F
1-2: Ball
2-2: Ball
3-2: Ground out 4-3 (Groundball, 4, EV 84.4 MPH)
Top of the 2nd over - 0 runs, 0 hits, 0 errors, 0 left on base; Colorado 0 - San Diego 0
BOTTOM OF THE 2ND
San Diego Padres batting - Pitching for Colorado Rockies : LHP Cooper Bate
Batting: RHB Chiel Palstermans 0-0: Ball
1-0: Ball
2-0: Ball
3-0: SINGLE (Line Drive, 8RS, EV 96.9 MPH)
Batting: RHB Bobby Ayala 0-0: Ball
1-0: Ball
2-0: Foul Ball, location: 2F
2-1: Ball
3-1: Sac Bunt to 2L - play at first, batter OUT! 2-4
Chiel Palstermans to second
Batting: LHB Xavier Pittman 0-0: Called Strike
0-1: SINGLE (Groundball, 6MS, EV 69.4 MPH) (infield hit)
Chiel Palstermans to third
Batting: RHB Alois Wollf 0-0: Ball
1-0: Ball
2-0: Ball
3-0: Base on Balls
Xavier Pittman to second
Batting: RHB Cesar Breceda 0-0: Ball
1-0: Called Strike
1-1: Ball
2-1: Grounds into double play, 6-4-3 (Groundball, 6S, EV 91.2 MPH)
Bottom of the 2nd over - 0 runs, 2 hits, 0 errors, 2 left on base; Colorado 0 - San Diego 0
TOP OF THE 3RD
Colorado Rockies batting - Pitching for San Diego Padres : LHP Matt Wheeler
Batting: LHB Fabiano Perrolas 0-0: Ball
1-0: Called Strike
1-1: Ball
2-1: Foul Ball, location: 2F
2-2: SINGLE (Groundball, 34S, EV 63.1 MPH) (infield hit)
Batting: LHB Robert Watson 0-0: Called Strike
0-1: Ball
1-1: Ball
2-1: Ball
3-1: Foul Ball, location: 2F
3-2: Strikes out looking
Batting: RHB Joel Haycock 0-0: Called Strike
0-1: Ball
1-1: Fly out, F8 (Line Drive, 8RM, EV 91.2 MPH)
Batting: RHB Roberto Rodriguez 0-0: Ball
1-0: Foul Ball, location: 2F
1-1: Ball
2-1: Ball
3-1: Foul Ball, location: 2F
3-2: Ground out 5-3 (Groundball, 56, EV 86.9 MPH)
Top of the 3rd over - 0 runs, 1 hit, 0 errors, 1 left on base; Colorado 0 - San Diego 0
BOTTOM OF THE 3RD
San Diego Padres batting - Pitching for Colorado Rockies : LHP Cooper Bate
Batting: LHB Per Meulengracht 0-0: Ball
1-0: Foul Ball, location: 2F
1-1: Foul Ball, location: 2F
1-2: Ground out 4-3 (Groundball, 4, EV 106.9 MPH)
Batting: LHB Kevin Bellman 0-0: Ball
1-0: Ball
2-0: Fly out, F2 (Popup, 3SF, EV 70.0 MPH)
Batting: SHB Jerry Luckwell 0-0: Called Strike
0-1: Ball
1-1: Called Strike
1-2: Ball
2-2: Ball
3-2: Base on Balls
Batting: LHB Mike Holt 0-0: Swinging Strike
0-1: Fly out, F9 (Flyball, 9, EV 74.4 MPH)
Bottom of the 3rd over - 0 runs, 0 hits, 0 errors, 1 left on base; Colorado 0 - San Diego 0
TOP OF THE 4TH
Colorado Rockies batting - Pitching for San Diego Padres : LHP Matt Wheeler
Batting: SHB Chris Blue 0-0: Ball
1-0: Called Strike
1-1: Called Strike
1-2: Ground out 5-3 (Groundball, 5S, EV 80.0 MPH)
Batting: RHB Jason Andrews 0-0: Foul Ball, location: 2F
0-1: Ball
1-1: Fly out, F8 (Flyball, 8LM, EV 85.0 MPH)
Batting: RHB Stephen Charbonneau 0-0: Called Strike
0-1: Ball
1-1: Ball
2-1: Ball
3-1: Reached via error on a dropped throw from 1B, E1 (Groundball, 34S, EV 86.2 MPH)
Batting: RHB Sterling Acosta 0-0: Ball
1-0: Foul Ball, location: 2F
1-1: Ball
2-1: Foul Ball, location: 2F
2-2: Ground out 6-3 (Groundball, 4MS, EV 66.9 MPH)
Top of the 4th over - 0 runs, 0 hits, 1 error, 1 left on base; Colorado 0 - San Diego 0
BOTTOM OF THE 4TH
San Diego Padres batting - Pitching for Colorado Rockies : LHP Cooper Bate
Batting: RHB Chiel Palstermans 0-0: Ball
1-0: Ball
2-0: Called Strike
2-1: Ball
3-1: Foul Ball, location: 2F
3-2: Base on Balls
Batting: RHB Bobby Ayala 0-0: Foul Ball, location: 2F
0-1: Ball
1-1: Ball
2-1: Called Strike
2-2: Ball
3-2: DOUBLE (Line Drive, 8LD, EV 103.8 MPH)
Chiel Palstermans to third
Batting: LHB Xavier Pittman 0-0: SINGLE (Line Drive, 4M, EV 103.1 MPH)
Chiel Palstermans scores
Bobby Ayala to third
Batting: RHB Alois Wollf 0-0: Called Strike
0-1: Ball
1-1: Ball
2-1: Foul Ball, location: 2F
2-2: Strikes out swinging
Batting: RHB Cesar Breceda 0-0: Ball
1-0: Foul Ball, location: 2F
1-1: Swinging Strike
1-2: SINGLE (Groundball, 56D, EV 103.8 MPH)
Bobby Ayala scores
Xavier Pittman to second
Batting: LHB Per Meulengracht 0-0: Ball
1-0: Fly out, F4 (Line Drive, 4, EV 68.8 MPH)
Batting: LHB Kevin Bellman 0-0: Called Strike
0-1: Ball
1-1: Ball
2-1: SINGLE (Groundball, 6D, EV 98.1 MPH)
Xavier Pittman to third
Cesar Breceda to second
Runner from 3rd tries for Home, SAFE, throw by LF to home
Batting: SHB Jerry Luckwell 0-0: Ball
1-0: Swinging Strike
1-1: Foul Ball, location: 2F
1-2: Foul Ball, location: 2F
1-2: Ball
2-2: Ball
3-2: Foul Ball, location: 2F
3-2: Foul Ball, location: 2F
3-2: Ground out 6-3 (Groundball, 6, EV 90.6 MPH)
Bottom of the 4th over - 3 runs, 4 hits, 0 errors, 2 left on base; Colorado 0 - San Diego 3
TOP OF THE 5TH
Colorado Rockies batting - Pitching for San Diego Padres : LHP Matt Wheeler
Batting: RHB Rico Coss 0-0: Ground out 1-3 (Groundball, 13S, EV 71.9 MPH)
Batting: LHB Fabiano Perrolas 0-0: Swinging Strike
0-1: Swinging Strike
0-2: Ball
1-2: Ball
2-2: Strikes out swinging, 2-3 out at first.
Batting: LHB Robert Watson 0-0: Swinging Strike
0-1: Swinging Strike
0-2: Ball
1-2: Ball
2-2: Strikes out swinging
Top of the 5th over - 0 runs, 0 hits, 0 errors, 0 left on base; Colorado 0 - San Diego 3
BOTTOM OF THE 5TH
San Diego Padres batting - Pitching for Colorado Rockies : LHP Cooper Bate
Batting: LHB Mike Holt 0-0: Called Strike
0-1: Ball
1-1: Ball
2-1: Ball
3-1: Base on Balls
Batting: RHB Chiel Palstermans 0-0: Ball
1-0: Called Strike
1-1: DOUBLE (Flyball, 78D, EV 102.5 MPH)
Mike Holt to third
Batting: RHB Bobby Ayala 0-0: Ball
1-0: Called Strike
1-1: Ball
2-1: Foul Ball, location: 2F
2-2: Ball
3-2: Fly out, F8 (Flyball, 8LS, EV 92.5 MPH)
Pitching: LHP Ryan Fulford
Batting: LHB Xavier Pittman 0-0: Ball
1-0: Called Strike
1-1: Foul Ball, location: 2F
1-2: Ball
2-2: Reached via error on a dropped throw from 2B, E3 (Groundball, 4, EV 87.5 MPH)
Mike Holt scores
Chiel Palstermans to third
Batting: RHB Alois Wollf 0-0: Called Strike
0-1: Fly out, F9 (Flyball, 89S, EV 87.5 MPH)
Batting: RHB Cesar Breceda 0-0: Ball
1-0: Called Strike
1-1: Ball
2-1: Ball
3-1: SINGLE (Groundball, 34, EV 97.5 MPH)
Chiel Palstermans scores
Xavier Pittman to second
Runner from 2nd tries for 3rd, SAFE, throw by RF made at trailing runner, OUT! 9-6
Bottom of the 5th over - 2 runs, 2 hits, 1 error, 1 left on base; Colorado 0 - San Diego 5
TOP OF THE 6TH
Colorado Rockies batting - Pitching for San Diego Padres : LHP Matt Wheeler
Batting: RHB Joel Haycock 0-0: Ball
1-0: Ground out U3 (Groundball, 3L, EV 85.0 MPH)
Batting: RHB Roberto Rodriguez 0-0: Ground out 2-3 (Groundball, 13S, EV 72.5 MPH)
Batting: SHB Chris Blue 0-0: Called Strike
0-1: SINGLE (Line Drive, 3D, EV 105.0 MPH)
Batting: RHB Jason Andrews 0-0: Called Strike
0-1: Ball
1-1: Foul Ball, location: 2F
1-2: Foul Ball, location: 2F
1-2: Ball
2-2: Foul Ball, location: 2F
2-2: Fielders Choice at 2nd, 6-4 (Groundball, 6, EV 88.1 MPH)
Top of the 6th over - 0 runs, 1 hit, 0 errors, 1 left on base; Colorado 0 - San Diego 5
BOTTOM OF THE 6TH
San Diego Padres batting - Pitching for Colorado Rockies : LHP Ryan Fulford
Batting: LHB Per Meulengracht 0-0: DOUBLE (Line Drive, 5D, EV 98.8 MPH)
Batting: LHB Kevin Bellman 0-0: Ball
1-0: Ball
2-0: Fly out, F4 (Line Drive, 4, EV 69.4 MPH)
Batting: SHB Jerry Luckwell 0-0: Swinging Strike
0-1: Swinging Strike
0-2: Foul Ball, location: 2F
0-2: Foul Ball, location: 2F
0-2: Strikes out swinging
Batting: LHB Mike Holt 0-0: Foul Ball, location: 2F
0-1: Fly out, F9 (Flyball, 8RM, EV 75.0 MPH)
Bottom of the 6th over - 0 runs, 1 hit, 0 errors, 1 left on base; Colorado 0 - San Diego 5
TOP OF THE 7TH
Colorado Rockies batting - Pitching for San Diego Padres : LHP Matt Wheeler
Batting: RHB Stephen Charbonneau 0-0: Ball
1-0: Ball
2-0: Ball
3-0: Base on Balls
Batting: RHB Sterling Acosta 0-0: Called Strike
0-1: Ball
1-1: Foul Ball, location: 2F
1-2: Foul Ball, location: 2F
1-2: Strikes out swinging
Batting: RHB Rico Coss 0-0: Called Strike
0-1: Called Strike
0-2: Foul Ball, location: 2F
0-2: Foul Ball, location: 2F
0-2: Fly out, F9 (Flyball, 9, EV 90.0 MPH)
Batting: LHB Fabiano Perrolas 0-0: Called Strike
0-1: Ball
1-1: Foul Ball, location: 2F
1-2: Ball
Stephen Charbonneau steals 2nd base
2-2: Ground out U3 (Groundball, 3L, EV 88.1 MPH)
Top of the 7th over - 0 runs, 0 hits, 0 errors, 1 left on base; Colorado 0 - San Diego 5
BOTTOM OF THE 7TH
San Diego Padres batting - Pitching for Colorado Rockies : LHP Ryan Fulford
Batting: RHB Chiel Palstermans 0-0: Ball
1-0: SINGLE (Flyball, 34D, EV 82.5 MPH)
Batting: RHB Bobby Ayala 0-0: Ball
1-0: Foul Ball, location: 2F
1-1: Foul Ball, location: 2F
1-2: Ball
2-2: Ball
3-2: Fielders Choice at 2nd, 3-6 (Groundball, 13, EV 88.8 MPH)
Batting: LHB Xavier Pittman 0-0: Ball
1-0: Foul Ball, location: 2F
1-1: Swinging Strike
1-2: Strikes out swinging
Pitching: LHP Dave Burridge
Batting: RHB Alois Wollf 0-0: Called Strike
0-1: Ball
1-1: Foul Ball, location: 2F
1-2: Foul Ball, location: 2F
1-2: Ball
2-2: Ball
3-2: Ground out 5-3 (Groundball, 56, EV 83.1 MPH)
Bottom of the 7th over - 0 runs, 1 hit, 0 errors, 1 left on base; Colorado 0 - San Diego 5
TOP OF THE 8TH
Colorado Rockies batting - Pitching for San Diego Padres : LHP Matt Wheeler
Batting: LHB Robert Watson 0-0: Ball
1-0: Ball
2-0: Called Strike
2-1: Ball
3-1: Foul Ball, location: 2F
3-2: Strikes out looking
Pitching: LHP Ricardo Chavez
Batting: RHB Joel Haycock 0-0: Called Strike
0-1: Ball
1-1: Ball
2-1: Called Strike
2-2: Strikes out looking
Batting: RHB Roberto Rodriguez 0-0: Foul Ball, location: 2F
0-1: Ground out 4-3 (Groundball, 4D, EV 104.4 MPH)
Top of the 8th over - 0 runs, 0 hits, 0 errors, 0 left on base; Colorado 0 - San Diego 5
BOTTOM OF THE 8TH
San Diego Padres batting - Pitching for Colorado Rockies : LHP Dave Burridge
Batting: RHB Cesar Breceda 0-0: Ball
1-0: Ball
2-0: Ball
3-0: Base on Balls
Batting: LHB Per Meulengracht 0-0: Ball
1-0: Called Strike
1-1: Foul Ball, location: 2F
1-2: Ball
2-2: Ball
3-2: Base on Balls
Cesar Breceda to second
Batting: LHB Kevin Bellman 0-0: Called Strike
0-1: Ball
1-1: Ball
2-1: Ball
3-1: 3-RUN HOME RUN (Flyball, 7LD, EV 95.6 MPH), Distance : 356 ft
Batting: SHB Jerry Luckwell 0-0: Ball
1-0: Ball
2-0: Ball
3-0: Base on Balls
Pitching: RHP Gabe Baxter
Batting: LHB Mike Holt 0-0: Called Strike
0-1: SINGLE (Flyball, 9LS, EV 93.1 MPH)
Jerry Luckwell to second
Batting: RHB Chiel Palstermans 0-0: Ball
1-0: Ball
2-0: Ball
3-0: Base on Balls
Jerry Luckwell to third
Mike Holt to second
Batting: RHB Bobby Ayala 0-0: Ball
1-0: Called Strike
1-1: Ball
2-1: Ball
3-1: Called Strike
3-2: Foul Ball, location: 2F
3-2: GRAND SLAM HOME RUN (Flyball, 9D, EV 96.2 MPH), Distance : 379 ft
Batting: LHB Xavier Pittman 0-0: Ground out 5-3 (Groundball, 5D, EV 110.6 MPH)
Batting: RHB Alois Wollf 0-0: Ball
1-0: Swinging Strike
1-1: Called Strike
1-2: Foul Ball, location: 2F
1-2: Ball
2-2: Ball
3-2: Ground out 4-3 (Groundball, 4M, EV 95.6 MPH)
Batting: RHB Cesar Breceda 0-0: Ball
1-0: Called Strike
1-1: Ball
2-1: Foul Ball, location: 2F
2-2: Ball
3-2: Ground out 3-1 (Groundball, 34S, EV 89.4 MPH)
Bottom of the 8th over - 7 runs, 3 hits, 0 errors, 0 left on base; Colorado 0 - San Diego 12
TOP OF THE 9TH
Colorado Rockies batting - Pitching for San Diego Padres : LHP Ricardo Chavez
Batting: SHB Chris Blue 0-0: Foul Ball, location: 2F
0-1: Foul Ball, location: 2F
0-2: Ground out 6-3 (Groundball, 6, EV 104.4 MPH)
Batting: RHB Jason Andrews 0-0: Ball
1-0: Foul Ball, location: 2F
1-1: Ball
2-1: Ball
3-1: Called Strike
3-2: Base on Balls
Batting: RHB Stephen Charbonneau 0-0: Ball
Wild Pitch!
Jason Andrews to second
1-0: Ball
2-0: Swinging Strike
2-1: Ball
3-1: Ground out 6-3 (Groundball, 6, EV 83.8 MPH)
Jason Andrews to third
Batting: RHB Sterling Acosta 0-0: Called Strike
0-1: Called Strike
0-2: Ball
1-2: Strikes out swinging
Top of the 9th over - 0 runs, 0 hits, 0 errors, 1 left on base; Colorado 0 - San Diego 12
Thursday, March 31st , 2022 - OOTP Baseball 22.12 Build 89